 Dungeon Crawl Stone Soup version 0.17-a0-1572-g7a1422d (webtiles) character file.

1040 mrath the Digger (level 8, 0/44 HPs)
             Began as a Gargoyle Earth Elementalist on July 24, 2015.
             Shot with a poisoned arrow by a centaur (3 damage)
             ... on level 6 of the Dungeon.
             The game lasted 01:06:45 (9525 turns).

mrath the Digger (Gargoyle Earth Elementalist)      Turns: 9525, Time: 01:06:45

Health: 0/44       AC: 12    Str: 13    XL:     8   Next: 24%
Magic:  23/26      EV: 12    Int: 17    God:
Gold:   269        SH:  0    Dex: 10    Spells: 3 memorised, 13 levels left

rFire  . . .     SeeInvis +     i - +0 hunting sling
rCold  . . .     Clarity  .     b - +0 robe
rNeg   + . .     SustAt   .     (no shield)
rPois  ∞         Gourm    +     v - +1 helmet
rElec  +         Spirit   .     (no cloak)
rCorr  .         Warding  .     (no gloves)
rMut   .         Stasis   .     (no boots)
MR     .....                    W - amulet of the gourmand
Stlth  ++........               T - ring of magical power
                                S - ring of see invisible

@: stone skin, not resistant to hostile enchantments, unstealthy
A: negative energy resistance 1, electricity resistance, unbreathing,
petrification resistance, rot immunity, AC +5
a: no special abilities


You were on level 6 of the Dungeon.
You were not hungry.

You visited 2 branches of the dungeon, and saw 7 of its levels.

You collected 269 gold pieces.

Inventory:

Hand weapons
 i - a +0 hunting sling (weapon)
 j - a +0 hand axe
 q - a +2 dagger of venom
 t - a +2 falchion of holy wrath
 w - a +0 flail
 V - a +1 whip of flaming
Missiles
 a - 189 stones
 X - 46 sling bullets (quivered)
Armour
 b - a +0 robe (worn)
 v - a +1 helmet (worn)
 M - a cursed +0 ring mail
Jewellery
 n - a +1 ring of protection
 y - an uncursed amulet of rage
 E - an uncursed ring of wizardry
 F - an uncursed amulet of warding
 G - an uncursed ring of protection from cold
 Q - an uncursed ring of protection from fire
 S - a ring of see invisible (left hand)
 T - a ring of magical power (right hand)
 W - an amulet of the gourmand (around neck)
Magical devices
 x - a wand of digging (11)
 z - a wand of disintegration (13)
 U - a wand of cold (8)
Scrolls
 f - 2 scrolls of fear
 k - 3 scrolls of remove curse
 l - a scroll of enchant weapon {unknown}
 m - a scroll of identify
 u - a scroll of amnesia
 B - a scroll of blinking
 K - a scroll of enchant armour
 L - a scroll of teleportation {unknown}
 O - a scroll of magic mapping {unknown}
 P - a scroll of recharging {unknown}
 R - a scroll of silence {unknown}
Potions
 e - a potion of curing {unknown}
 o - a potion of cancellation
 p - 2 potions of heal wounds {unknown}
 r - 4 potions of flight
 s - a potion of brilliance {unknown}
 A - a potion of might {unknown}
 C - a potion of lignification {unknown}
 H - a potion of berserk rage {unknown}
 N - 3 potions of magic
Books
 c - a book of Geomancy

   Spells                             Type                      Level
   a - Sandblast                      Earth                        1
   b - Stoneskin                      Transmutation/Earth          2
   c - Passwall                       Transmutation/Earth          3
   d - Stone Arrow                    Conjuration/Earth            3
   e - Petrify                        Transmutation/Earth          4
   f - Lee's Rapid Deconstruction     Earth                        5
Comestibles
 d - a royal jelly
 g - a chunk of flesh
 h - 2 meat rations
 D - a bread ration


   Skills:
 + Level 2.2 Fighting
 + Level 1.8 Short Blades
 + Level 2.3 Dodging
 - Level 2.1 Stealth
 * Level 6.1 Spellcasting
 + Level 3.1 Conjurations
 - Level 0.7 Transmutations
 + Level 6.5 Earth Magic


You had 13 spell levels left.
You knew the following spells:

 Your Spells              Type           Power        Failure   Level  Hunger
a - Sandblast             Erth           ####..       1%          1    None
b - Stoneskin             Trmt/Erth      ###.....     4%          2    None
c - Stone Arrow           Conj/Erth      ###...       8%          3    ##.....


Dungeon Overview and Level Annotations

Branches:
Dungeon (6/15)             Temple (1/1) D:5

Altars:
Ashenzari
Cheibriados
Dithmenos
Elyvilon
Fedhas
Gozag
Kikubaaqudgha
Nemelex Xobeh
Okawaru
Qazlal
Ru
Sif Muna
Trog
Xom
Yredelemnul
Zin
The Shining One

Annotations:
D:3 Sigmund


Innate Abilities, Weirdness & Mutations

You are resistant to torment.
Your stone body is resilient (AC +5).
You are immune to poison.
You resist negative energy.
You are resistant to electric shocks.
You can survive without breathing.
You are immune to petrification.
You are immune to rotting.


Message History

Things that are here:
a poisoned arrow; 2 arrows The centaur shoots a poisoned arrow.
The poisoned arrow hits you!
You see here a poisoned arrow.
The centaur shoots a poisoned arrow.
The poisoned arrow hits you!
* * * LOW HITPOINT WARNING * * *
The centaur shoots an arrow.
The arrow hits you.
* * * LOW HITPOINT WARNING * * *
Things that are here:
an arrow; a poisoned arrow The centaur shoots a poisoned arrow.
The poisoned arrow barely misses you.
The centaur shoots an arrow.
The arrow hits you but does no damage.
You see here an arrow.
The centaur shoots a poisoned arrow.
The poisoned arrow barely misses you.
You see here a poisoned arrow.
The centaur shoots a poisoned arrow.
The poisoned arrow hits you!
* * * LOW HITPOINT WARNING * * *
You see here a poisoned arrow.
The centaur shoots a poisoned arrow.
The poisoned arrow hits you.
You die...

####.......#.#.####.....#....
...............(.............
####.#####.#.#.#.......##....
...#.# ###.#.#.#####.########
##.#.###...#.#..............
...........#.#..####..######
##.#.###.#...#......(.......
#.#.# #.##..#....##.######.
#5#.# #. #..#..@.((......#
##.#.# #. #..#..####c####.#.
...#.# #. ##.#......(.......
##.#.. .. ..#.[....(...).##
...... .. #.#######(########
.)..... .......(((....!...
#### ### #..######.....###.
#.....# #.(...#


You could see a centaur.

Vanquished Creatures
  2 sky beasts (D:5)
  The ghost of Ajdolov the Ruffian, an average NaTm (D:4)
  A centaur (D:5)
  A giant frog (D:6)
  2 crimson imps
  A jelly (D:5)
  An iguana (D:4)
  An orc wizard (D:4)
  A hound (D:5)
  Jessica (D:3)
  Natasha (thrice) (D:3)
  4 worker ants
  A hound skeleton (D:6)
  5 gnolls
  7 adders
  A shadow imp (D:4)
  2 oozes (D:2)
  2 worms
  6 giant geckos
  8 orcs
  A ball python (D:1)
  13 bats
  11 giant cockroaches
  14 hobgoblins
  9 kobolds
  4 quokkas
  A giant gecko zombie (D:5)
  7 giant newts
  16 goblins
  8 jackals
  15 rats
150 creatures vanquished.

Notes
Turn   | Place    | Note
--------------------------------------------------------------
     0 | D:1      | mrath the Gargoyle Earth Elementalist began the quest for the Orb.
     0 | D:1      | Reached XP level 1. HP: 10/10 MP: 3/3
   253 | D:1      | Reached XP level 2. HP: 15/15 MP: 2/5
  1308 | D:1      | Reached XP level 3. HP: 19/19 MP: 7/7
  1680 | D:2      | Reached skill level 4 in Earth Magic
  2145 | D:2      | Learned a level 2 spell: Stoneskin
  2149 | D:2      | Learned a level 3 spell: Stone Arrow
  2192 | D:2      | Reached XP level 4. HP: 10/24 MP: 5/9
  2650 | D:2      | Found a shadowy altar of Dithmenos.
  2650 | D:2      | Found an ancient bone altar of Kikubaaqudgha.
  2875 | D:2      | Reached XP level 5. HP: 12/28 MP: 3/11
  3686 | D:3      | Found an opulent altar of Gozag.
  4003 | D:3      | Noticed Sigmund
  4113 | D:3      | Reached skill level 5 in Earth Magic
  4169 | D:3      | Noticed Natasha
  4187 | D:3      | Killed Natasha
  4406 | D:3      | Noticed Natasha
  4409 | D:3      | Killed Natasha
  4450 | D:3      | Noticed Jessica
  4571 | D:3      | Noticed Natasha
  4587 | D:3      | HP: 1/28 [iron imp[Natasha] (5)]
  4591 | D:3      | Killed Natasha
  5050 | D:3      | Killed Jessica
  5050 | D:3      | Reached XP level 6. HP: 18/32 MP: 13/13
  5528 | D:4      | Reached skill level 5 in Spellcasting
  6128 | D:4      | Reached skill level 1 in Conjurations
  6181 | D:4      | Noticed Ajdolov's ghost (average NaTm)
  6195 | D:4      | Killed Ajdolov's ghost
  6341 | D:4      | Reached XP level 7. HP: 36/36 MP: 10/15
  7300 | D:5      | Entered Level 5 of the Dungeon
  7501 | D:5      | Reached skill level 1 in Fighting
  7620 | D:5      | Reached skill level 1 in Short Blades
  7620 | D:5      | Reached skill level 6 in Earth Magic
  7764 | D:5      | Found a staircase to the Ecumenical Temple.
  7790 | Temple   | Entered the Ecumenical Temple
  8662 | D:5      | Reached XP level 8. HP: 11/44 MP: 7/17
  9525 | D:6      | Shot with a poisoned arrow by a centaur

Vault maps used:
D:1:      noname_arrival_rooms_in_the_neighbourhood, minivault_14
D:2:      gammafunk_temple_overflow_elements, minmay_unequal
D:3:      grunt_gozag_breadcrumbs, uniq_natasha, uniq_jessica, uniq_sigmund
D:4:      first_bread
D:5:      minmay_temple_entry_mist, hangedman_abyss_or_decor_passed
D:6:      basic_altar, serial_shops, nicolae_shop_trees
Temple:   chambers_temple_14

Action                   |  1- 3 |  4- 6 |  7- 9 || total
-------------------------+-------+-------+-------++-------
Melee: Club              |     3 |       |       ||     3
       Hand axe          |    78 |     9 |       ||    87
       Dagger            |    39 |   195 |   133 ||   367
       Flail             |       |       |     5 ||     5
 Fire: Hunting sling     |       |       |     8 ||     8
 Cast: Sandblast         |    29 |    27 |     3 ||    59
       Stoneskin         |       |     9 |     8 ||    17
       Stone Arrow       |       |     6 |    21 ||    27
  Use: Scroll            |       |     3 |     7 ||    10
       Potion            |       |     1 |       ||     1
 Stab: Distracted        |     1 |     2 |       ||     3
       Sleeping          |     1 |       |     1 ||     2
  Eat: Chunk             |     2 |     5 |     6 ||    13
       Bread ration      |     1 |     1 |     1 ||     3
       Royal jelly       |       |     1 |       ||     1
       Beef jerky        |       |       |     1 ||     1
